 Dungeon Crawl Stone Soup version 0.17-a0-1636-g3119f2b (webtiles) character file.

359 maniek23 the Sneak (level 6, 0/47 HPs)
             Began as a Demonspawn Assassin on Aug 5, 2015.
             Slain by a river rat (5 damage)
             ... in a sewer.
             The game lasted 00:19:46 (3508 turns).

maniek23 the Sneak (Demonspawn Assassin)            Turns: 3508, Time: 00:19:46

Health: 0/47       AC:  5    Str: 12    XL:     6   Next: 37%
Magic:  6/6        EV: 12    Int: 12    God:
Gold:   111        SH:  0    Dex: 16    Spells: 0 memorised, 5 levels left

rFire  . . .     SeeInvis .     a - +2 dagger
rCold  . . .     Clarity  .     E - +0 leather armour
rNeg   . . .     SustAt   .     (no shield)
rPois  .         Gourm    .     (no helmet)
rElec  .         Spirit   .     d - +0 cloak
rCorr  .         Warding  .     (no gloves)
rMut   .         Stasis   .     (no boots)
MR     .....                    (no amulet)
Stlth  ++........               (no ring)
                                (no ring)

@: not resistant to hostile enchantments, unstealthy
A: hooves 1, molten scales 1
a: no special abilities


You were in a sewer.
You were hungry.

You visited 1 branch of the dungeon, and saw 3 of its levels.
You also visited: Sewer.

You collected 111 gold pieces.

Inventory:

Hand weapons
 a - a +2 dagger (weapon)
 b - a +0 blowgun
 o - a cursed -3 short sword
 s - a +0 short sword
 B - a +0 dagger of venom
Missiles
 e - 18 poisoned needles
 f - 2 curare-tipped needles
 t - 25 stones (quivered)
 D - 8 tomahawks
Armour
 c - a +0 robe
 d - a +0 cloak (worn)
 m - a +0 ring mail
 q - a +0 shield
 E - a +0 leather armour (worn)
Jewellery
 p - an uncursed ring of positive energy {unknown}
 F - an uncursed ring of poison resistance {unknown}
Scrolls
 i - 3 scrolls of teleportation {unknown}
 l - 3 scrolls of identify {unknown}
 w - 2 scrolls of remove curse {unknown}
 x - a scroll of enchant armour {unknown}
 y - a scroll of amnesia {unknown}
 C - 2 scrolls of enchant weapon {unknown}
 G - a scroll of fog {unknown}
 H - a scroll of fear {unknown}
Potions
 h - a potion of mutation {unknown}
 j - a potion of experience {unknown}
 r - a potion of curing {unknown}
 u - a potion of degeneration {unknown}
 A - a potion of ambrosia {unknown}
Comestibles
 g - 3 bread rations
 k - a beef jerky
 n - 2 meat rations
 v - a slice of pizza


   Skills:
 + Level 3.5 Fighting
 + Level 3.1 Short Blades
 * Level 3.1 Throwing
 + Level 2.4 Dodging
 + Level 4.7 Stealth


You had 5 spell levels left.
You didn't know any spells.

Dungeon Overview and Level Annotations

Branches:
Dungeon (3/15)

Altars:


Innate Abilities, Weirdness & Mutations

You have large cloven feet.
You are partially covered in molten scales (AC +1).


Message History

* * * LOW HITPOINT WARNING * * *
You hit the river rat but do no damage.
The river rat is heavily wounded.
The river rat bites you but does no damage.
You hit the river rat. Your kick misses the river rat.
The river rat is severely wounded.
The river rat closely misses you.
You closely miss the river rat. Your kick misses the river rat.
The river rat is severely wounded.
The river rat misses you.
You hit the river rat. Your kick misses the river rat.
The river rat is severely wounded.
The river rat bites you!
* * * LOW HITPOINT WARNING * * *
You hit the river rat but do no damage.
The river rat is severely wounded.
You barely miss the river rat.
The river rat is severely wounded.
The river rat bites you.
You die...

. .r
#####################.r.
###..≈≈≈≈≈≈≈≈≈.≈≈≈≈≈≈.....
##....≈≈≈≈≈≈≈≈...≈≈≈≈≈.....
#.....≈≈≈≈≈≈≈≈...†((((.(..r
......≈≈≈≈≈≈≈...@r≈(((.(...
......≈≈≈≈≈≈≈≈...≈≈≈(≈.(..#
......≈≈≈≈≈≈≈≈≈.≈≈≈≈≈≈.(###
....#####################
...#### ...'..# ..##..#
..##### .÷.#


You could see a river rat.

Vanquished Creatures
  Sigmund (D:2)
  10 adders
  3 river rats (Sewer)
  4 worms
  A giant gecko (D:3)
  7 bats
  7 hobgoblins
  10 kobolds
  5 ball pythons
  5 giant cockroaches
  4 giant newts
  5 goblins (D:2)
  8 jackals
  27 rats
97 creatures vanquished.

Notes
Turn   | Place    | Note
--------------------------------------------------------------
     0 | D:1      | maniek23 the Demonspawn Assassin began the quest for the Orb.
     0 | D:1      | Reached XP level 1. HP: 16/16 MP: 1/1
   192 | D:1      | Gained mutation: You are partially covered in molten scales (AC +1). [demonic ancestry]
   192 | D:1      | Reached XP level 2. HP: 15/22 MP: 2/2
   240 | D:1      | Reached skill level 4 in Stealth
   443 | D:1      | Reached skill level 1 in Dodging
   926 | D:2      | Noticed Sigmund
   939 | D:2      | Killed Sigmund
   939 | D:2      | Reached XP level 3. HP: 10/29 MP: 3/3
   939 | D:2      | Gained mutation: You have large cloven feet. [demonic ancestry]
   939 | D:2      | Reached XP level 4. HP: 12/35 MP: 4/4
   939 | D:2      | Reached XP level 5. HP: 14/41 MP: 5/5
  2282 | D:3      | Reached XP level 6. HP: 47/47 MP: 6/6
  2358 | D:3      | Found a glowing drain.
  2535 | Sewer    | Entered a sewer
  3508 | Sewer    | Slain by a river rat

Vault maps used:
D:1:      dpeg_arrival_court
D:2:      first_bread, uniq_sigmund
D:3:      gup_sewer_entry_glass, uniq_grinder
Sewer:    sewer_minmay_w

Action                   |  1- 3 |  4- 6 || total
-------------------------+-------+-------++-------
Melee: Dagger            |    55 |   268 ||   323
 Fire: Blowgun           |     7 |     6 ||    13
Throw: Stone             |    25 |   123 ||   148
 Stab: Sleeping          |     5 |     4 ||     9
  Eat: Chunk             |       |     8 ||     8
